 Dungeon Crawl Stone Soup version 0.28-a0-834-g1a73be5ee4 (webtiles) character file.

Game seed: 5694798926838665443

1199 jasper the Magician (level 8, 0/90 HPs)
             Began as a Demonspawn Cinder Acolyte on Nov 11, 2021.
             Was a Follower of Ignis.
             Slain by Pikel (11 damage)
             ... on level 5 of the Dungeon.
             The game lasted 00:06:51 (5454 turns).

jasper the Magician (Demonspawn Cinder Acolyte)     Turns: 5454, Time: 00:06:52

Health: 0/90       AC: 24    Str: 15    XL:     8   Next: 20%
Magic:  15/17      EV:  2    Int: 17    God:    Ignis [*.....]
Gold:   120        SH:  0    Dex:  9    Spells: 17/19 levels left

rFire   + . .      SeeInvis .   a - +0 spear (flame)
rCold   . . .      Faith    .   (no shield)
rNeg    . . .      Spirit   .   (armour currently unavailable)
rPois   +          Reflect  .   (helmet currently unavailable)
rElec   .          Harm     .   (cloak currently unavailable)
rCorr   .          Rampage  .   (gloves currently unavailable)
Will    .....      NoTele   +   (boots currently unavailable)
Stlth   +.........              (no amulet)
HPRegen 0.25/turn               (no ring)
MPRegen 0.15/turn               (no ring)

@: mighty, tree-form, hasted, very quick
A: stationary, stasis, torment immunity, boosted hp, rugged brown scales 2,
demonic guardian 1, powered by pain 2, (weakness stinger 2)
a: Renounce Religion, Sea of Fire, Foxfire Swarm, Rising Flame


You were on level 5 of the Dungeon.
You worshipped Ignis.
Ignis was aware of your devotion.
You were a tree.
You visited 1 branch of the dungeon, and saw 5 of its levels.

You collected 120 gold pieces.

Inventory:

Hand Weapons
 a - a +0 spear of flaming (weapon)
 j - a +0 scythe of protection
Missiles
 g - 118 stones
Armour
 b - a +0 robe
 d - a +0 ring mail (melded)
 k - a +0 cloak (melded)
Wands
 o - a wand of flame (6)
Scrolls
 i - a scroll of magic mapping
 p - a scroll of teleportation
Potions
 c - a potion of resistance
 e - 2 potions of lignification
 f - 3 potions of haste
 l - a potion of brilliance {unknown}
 m - a potion of degeneration {unknown}
 n - a potion of might {unknown}


   Skills:
 - Level 3.0 Fighting
 - Level 2.6 Polearms
 + Level 3.8 Armour
 + Level 6.3 Spellcasting
 - Level 5.5 Fire Magic


You had 17 spell levels left.
You knew the following spells:

 Your Spells              Type           Power      Damage    Failure   Level
a - Scorch                Fire           48%        2d7       1%          2

Your spell library contained the following spells:

 Spells                   Type           Power      Damage    Failure   Level


Dungeon Overview and Level Annotations

Branches:
Dungeon (5/15)
 Temple: D:4-7

Altars:
Gozag
Xom

Annotations:
D:5 Pikel


Innate Abilities, Weirdness & Mutations

You are a tree.
Your roots penetrate the ground, keeping you stationary.
You cannot be teleported.
You are immune to unholy pain and torment.
Your maximum health is greatly increased.
Your equipment is partially melded.
(You are mostly covered in rugged brown scales. (AC +2, +5% HP))
A weak demonic guardian rushes to your aid.
You sometimes gain power by taking damage.
((You have a tail ending in a sharp stinger.))


Message History

The foxfire hits the lemure but does no damage.
The lemure is almost dead.
The foxfire hits Pikel but does no damage.
Pikel is lightly wounded.
The foxfire hits the lemure but does no damage.
The lemure is almost dead.
The foxfire hits Pikel but does no damage.
Pikel is lightly wounded.
The foxfire hits the lemure but does no damage.
The lemure is heavily wounded.
The foxfire hits Pikel.
Pikel is lightly wounded.
Pikel hits you with a +0 whip of freezing!
* * * LOW HITPOINT WARNING * * *
You focus on the pain.
You feel very mighty all of a sudden. Pikel freezes you.
* * * LOW HITPOINT WARNING * * *
Your quasit misses the lemure.
Your quasit closely misses the lemure.
Your quasit claws the lemure.
The foxfire hits Pikel but does no damage.
Pikel is lightly wounded.
The foxfire hits the lemure but does no damage.
The lemure is heavily wounded.
The jelly barely misses your quasit. The lemure hits you but does no damage.
Your quasit bites the lemure but does no damage.
Your quasit closely misses the lemure.
Your quasit claws the lemure but does no damage.
The lemure hits you but does no damage. Pikel hits you but does no damage.
You take 11 damage, and have 4/90 hp.
You now have 15/17 mp.
You feel better. Pikel hits you but does no damage.
The jelly misses your quasit.
Your quasit bites the lemure but does no damage.
Your quasit claws the lemure but does no damage.
Your quasit barely misses the lemure.
The lemure hits your quasit. The lemure hits you but does no damage.
You regained 7 hp, and now have 11/90 hp.
It was a potion of haste.
You feel yourself speed up.
Pikel hits you with a +0 whip of freezing!
You die...

..............#
..............#
..............#
..............#
..............#
...........$..#
....J..s......#
.....55K5.#...#
.......♣......#
........#.....# #
.......##.....#.#
......##........#
......##......##
......5K......#
..... #5.....#
..... #.###.##
#5#.#


You could see Pikel (berserk, combustible), 2 lemures, a scorpion, a jelly and a
friendly quasit (summoned).

Vanquished Creatures
  Grinder (D:5)
  Sigmund (D:3)
  3 ogres
  A centaur (D:4)
  A lemure (D:5)
  A bullfrog (D:4)
  A howler monkey (D:4)
  3 hounds
  A jelly (D:4)
  2 iguanas (D:4)
  4 orc wizards
  An adder (D:4)
  2 gnolls (D:3)
  An adder skeleton (D:4)
  2 worms (D:2)
  A dart slug (D:3)
  13 orcs
  6 endoplasms
  2 giant cockroaches
  6 goblins
  7 hobgoblins
  3 quokkas
  4 ball pythons
  2 bats
  5 frilled lizards
  10 kobolds
  4 rats
88 creatures vanquished.

Vanquished Creatures (collateral kills)
  2 gnolls (D:3)
  An orc (D:3)
  A quokka (D:3)
4 creatures vanquished.

Vanquished Creatures (others)
  115 foxfires
115 creatures vanquished.

Grand Total: 207 creatures vanquished

Notes
Turn   | Place    | Note
-------+----------+-------------------------------------------
     0 | D:1      | jasper the Demonspawn Cinder Acolyte began the quest for
                  | the Orb.
     0 | D:1      | Reached XP level 1. HP: 18/18 MP: 2/2
   198 | D:1      | Found a faded altar of an unknown god.
   357 | D:1      | Gained mutation: You are partially covered in rugged brown
                  | scales. (AC +1, +3% HP) [demonic ancestry]
   357 | D:1      | Reached XP level 2. HP: 7/24 MP: 4/4
   360 | D:1      | Learned a level 2 spell: Scorch
   963 | D:2      | Noticed an ogre
  1042 | D:3      | Noticed Sigmund
  1046 | D:3      | Killed Sigmund
  1047 | D:3      | Reached skill level 3 in Spellcasting
  1047 | D:3      | Gained mutation: You are mostly covered in rugged brown
                  | scales. (AC +2, +5% HP) [demonic ancestry]
  1047 | D:3      | Reached XP level 3. HP: 24/30 MP: 2/7
  1047 | D:3      | Gained mutation: You sometimes gain a little power by
                  | taking damage. [demonic ancestry]
  1047 | D:3      | Reached XP level 4. HP: 29/36 MP: 2/9
  1047 | D:3      | Gained mutation: A weak demonic guardian rushes to your
                  | aid. [demonic ancestry]
  1047 | D:3      | Reached XP level 5. HP: 35/43 MP: 2/10
  1113 | D:3      | Found an opulent altar of Gozag.
  2022 | D:3      | Gained mutation: You have a small tail. [demonic ancestry]
  2022 | D:3      | Reached XP level 6. HP: 49/49 MP: 6/11
  2030 | D:3      | Reached skill level 4 in Spellcasting
  2895 | D:4      | Reached skill level 5 in Fire Magic
  3186 | D:4      | Gained mutation: You sometimes gain power by taking damage.
                  | [demonic ancestry]
  3186 | D:4      | Reached XP level 7. HP: 38/54 MP: 4/14
  3315 | D:4      | Reached skill level 1 in Armour
  3315 | D:4      | Reached skill level 5 in Spellcasting
  4495 | D:2      | Found a shimmering altar of Xom.
  5098 | D:5      | Entered Level 5 of the Dungeon
  5107 | D:5      | Reached skill level 6 in Spellcasting
  5107 | D:5      | Gained mutation: You have a tail ending in a sharp stinger.
                  | [demonic ancestry]
  5107 | D:5      | Reached XP level 8. HP: 60/60 MP: 11/17
  5122 | D:5      | Noticed Pikel
  5365 | D:5      | Noticed Grinder
  5371 | D:5      | Killed Grinder
  5452 | D:5      | HP: 4/90 [Pikel (2)]
  5454 | D:5      | Slain by Pikel

Illustrated notes

Levels and vault maps discovered:
D:1:      co_arrival_random_square_maze, layout_rooms, basic_ecumenical_altar
D:2:      layout_loops_ring, basic_altar
D:3:      layout_basic, nicolae_overflow_hidden_temple, serial_bayou_pond_b,
          uniq_sigmund
D:4:      layout_rooms, kennysheep_minor_cross, grunt_ministairs_2,
          minmay_small_thing
D:5:      layout_basic, uniq_pikel, uniq_grinder

Skill      XL: |  1  2  3  4  5  6  7 |
---------------+----------------------+-----
Fire Magic     | 3 4 5 |  5.5
Spellcasting   | 3 4 6 |  6.3
Armour         | 3 |  3.8
Fighting       | |  3.0
Polearms       | |  2.6

Action                   |  1- 3 |  4- 6 |  7- 9 || total
-------------------------+-------+-------+-------++-------
Melee: Spear             |    11 |    27 |    17 ||    55
       Scythe            |     3 |       |       ||     3
Throw: Stone             |    19 |       |       ||    19
 Cast: Scorch            |    10 |    58 |    64 ||   132
Invok: Foxfire Swarm     |     2 |     1 |     4 ||     7
  Use: Scroll            |     4 |     3 |     3 ||    10
       Potion            |       |       |     4 ||     4
Armor: Robe              |     1 |     9 |       ||    10
       Ring mail         |       |       |    20 ||    20
       Skin              |       |       |    12 ||    12
Dodge: Dodged            |     4 |     5 |    25 ||    34

Table legend: (Time is in decaauts)
 A = Elapsed time spent in this place.
 B = Non-inter-level travel time spent in this place.
 C = Inter-level travel time spent in this place.
 D = Time resting spent in this place.
 E = Time spent auto-exploring this place.
 F = Levels seen in this place.
 G = Mean time per level.
                   A        B        C        D        E       F      G
               +--------+--------+--------+--------+--------+-----+--------+
         Total |   5459 |   5178 |    281 |    615 |   3954 |   5 | 1091.8 |
       Dungeon |   5459 |   5178 |    281 |    615 |   3954 |   5 | 1091.8 |
               +--------+--------+--------+--------+--------+-----+--------+

Top non-repeatable levels by time:
     D:3: 1926 daAuts
     D:4: 1485 daAuts
     D:1: 1004 daAuts
     D:2: 925 daAuts
     D:5: 117 daAuts
